 Dungeon Crawl Stone Soup version 0.31-a0-986-g5e6e4ef867 (webtiles) character file.

Game seed: 16162051314228253042

74 gelatine the Covered (level 4, -6/35 HPs)
             Began as a Demonspawn Fighter on Nov 14, 2023.
             Mangled by a gnoll
             ... wielding a +0 flail
              (10 damage)
             ... on level 2 of the Dungeon.
             The game lasted 00:04:00 (1959 turns).

gelatine the Covered (Demonspawn Fighter)           Turns: 1959, Time: 00:04:00

Health: -6/35      AC:  6    Str: 18    XL:     4   Next: 9%
Magic:  4/4        EV:  9    Int: 10    God:
Gold:   124        SH:  4    Dex: 12    Spells: 3/3 levels left

rFire   . . .        a - +0 war axe
rCold   . . .        c - +0 buckler
rNeg    . . .        b - +0 scale mail
rPois   .            (no helmet)
rElec   .            (no cloak)
rCorr   .            (no gloves)
SInv    +            (no boots)
Will    .....        (no amulet) Stlth
                     (no ring)
HPRegen 0.25/turn    (no ring)
MPRegen 0.09/turn

%: no passive effects
@: no status effects
A: claws 1, ignite blood 1
a: no special abilities


You were on level 2 of the Dungeon.
You visited 1 branch of the dungeon, and saw 2 of its levels.

You collected 124 gold pieces.

Inventory:

Hand Weapons
 a - a +0 war axe (weapon)
Missiles
 h - a throwing net
Armour
 b - a +0 scale mail (worn)
 c - a +0 buckler (worn)
Potions
 d - a potion of might
 f - a potion of attraction
 i - a potion of degeneration {unknown}
 j - a potion of curing {unknown}
 k - a potion of enlightenment {unknown}


   Skills:
 * Level 3.3 Fighting
 * Level 2.5 Axes
 * Level 3.3 Armour
 * Level 1.1 Dodging
 * Level 3.0 Shields


You had 3 spell levels left.
You didn't know any spells.
Your spell library contained the following spells:

 Spells                   Type           Power      Damage    Failure   Level
 Slow                     Hex            0%         N/A       83%         1
 Sublimation of Blood     Necr           0%         N/A       92%         2
 Call Canine Familiar     Summ           0%         N/A       99%         3
 Confusing Touch          Hex            0%         N/A       99%         3
 Sigil of Binding         Hex            0%         N/A       99%         3
 Vampiric Draining        Necr           0%         2d6       99%         3
 Dimensional Bullseye     Hex/Tloc       0%         N/A       100%        4
 Leda's Liquefaction      Hex/Erth       0%         N/A       100%        4
 Petrify                  Tmut/Erth      0%         N/A       100%        4
 Irradiate                Conj/Tmut      0%         3d11      100%        5


Dungeon Overview and Level Annotations

Branches:
Dungeon (2/15)

Altars:
Vehumet

Shops:
D:1 [


Innate Abilities, Weirdness & Mutations

You have sharp fingernails.
Your demonic aura sometimes causes spilled blood to erupt in flames.


Message History

You kill the worm!
You see here a worm corpse.
Found a stone staircase leading up.
There is a stone staircase leading up here.
You see here a worm corpse.
There is a stone staircase leading down here.
There is a large open door here.
A gnoll comes into view. It is wielding a +0 spear.
A gnoll comes into view. It is wielding a +0 halberd.
The gnoll shouts! x2
A gnoll comes into view. It is wielding a +0 flail.
The gnoll shouts!
You block the gnoll's attack. The gnoll hits you but does no damage.
You barely miss the gnoll. The gnoll barely misses you.
The gnoll hits you from afar with a +0 halberd!
The gnoll barely misses you. The gnoll attacks as it pursues you!
The gnoll barely misses you. The gnoll attacks as it pursues you!
The gnoll hits you from afar with a +0 halberd.
The gnoll attacks as it pursues you!
The gnoll hits you from afar with a +0 halberd.
The gnoll hits you from afar with a +0 halberd!
The gnoll attacks as it pursues you! The gnoll barely misses you.
The gnoll hits you from afar with a +0 halberd.
* * * LOW HITPOINT WARNING * * *
The gnoll attacks as it pursues you! The gnoll hits you with a +0 flail.
* * * LOW HITPOINT WARNING * * *
The gnoll attacks as it pursues you! The gnoll barely misses you.
There is a large open door here.
As you read the scroll labelled SOEPNO WUWUONO, it crumbles to dust.
It is a scroll of identify.
f - a potion of attraction The gnoll hits you from afar with a +0 halberd.
* * * LOW HITPOINT WARNING * * *
The gnoll barely misses you.
As you read the scroll labelled TESTRY PEWU, it crumbles to dust.
You feel aware of your surroundings.
It was a scroll of revelation.
The gnoll barely misses you. The gnoll hits you with a +0 flail!
You die...

#........# ****
###########..<.....# ,,,*
###########........# **,*
###########........##### *,*
#####...###.............
**.###########...###........#####
,,...............................
**.######.#.##...####.#.#########
**,*#...#.#.##..@..##.#........<#
**,*#...#.#.#####g'####.##......#
,#.##...#.#.##§≈≈g.≈≈≈####......#
.#.##...#.###≈≈..g...≈§###......#
.#........##≈≈........≈≈##.......
...##..†###≈≈..........≈≈##.....#
*#.##...##≈§............≈≈##....#
#.##...#§≈....≈≈§§≈≈....≈≈#....#
#)..####≈§...§≈####≈≈...§§#....#


You could see 3 gnolls.

Vanquished Creatures
  A gnoll (D:2)
  2 adders (D:2)
  A worm (D:2)
  A dart slug (D:2)
  6 ball pythons (D:2)
  A bat (D:1)
  3 endoplasms
  2 giant cockroaches
  2 goblins (D:1)
  2 hobgoblins
  4 jackals (D:2)
  2 quokkas (D:2)
  3 frilled lizards
  7 kobolds
  A rat (D:1)
38 creatures vanquished.

Notes
Turn   | Place    | Note
-------+----------+-------------------------------------------
     0 | D:1      | gelatine the Demonspawn Fighter began the quest for the
                  | Orb.
     0 | D:1      | Reached XP level 1. HP: 18/18 MP: 1/1
   319 | D:1      | Gained mutation: Your demonic aura sometimes causes spilled
                  | blood to erupt in flames. [demonic ancestry]
   319 | D:1      | Reached XP level 2. HP: 18/24 MP: 2/2
   634 | D:1      | Found Onoqeuzo's Armour Emporium.
  1152 | D:2      | Found a radiant altar of Vehumet.
  1295 | D:2      | Reached XP level 3. HP: 6/29 MP: 3/3
  1565 | D:2      | Reached skill level 1 in Dodging
  1656 | D:2      | Gained mutation: You have sharp fingernails. [demonic
                  | ancestry]
  1656 | D:2      | Reached XP level 4. HP: 35/35 MP: 4/4
  1959 | D:2      | Mangled by a gnoll

Illustrated notes

Levels and vault maps discovered:
D:1:      dpeg_arrival_snail, layout_loops_corners, serial_shops,
          nicolae_shop_waterfront, minmay_misc_feat_chi
D:2:      layout_basic, basic_altar, kennysheep_big_empty_room,
          grunt_decor_clamped, chequers_serial_rivers_micro_d

Skill      XL: |  1  2  3 |
---------------+----------+-----
Armour         | 3 |  3.3
Axes           | 2 |  2.5
Dodging        | 1 |  1.1
Shields        | 3 |  3.0
Fighting       | |  3.3

Action                     |  1- 3 |  4- 6 || total
---------------------------+-------+-------++-------
  Melee: War axe           |   104 |     6 ||   110
    Use: Scroll            |       |     2 ||     2
 Armour: Scale mail        |    87 |    12 ||    99
  Dodge: Dodged            |    55 |     8 ||    63
  Block: Buckler           |    30 |     2 ||    32

Table legend: (Time is in decaauts)
 A = Elapsed time spent in this place.
 B = Non-inter-level travel time spent in this place.
 C = Inter-level travel time spent in this place.
 D = Time resting spent in this place.
 E = Time spent auto-exploring this place.
 F = Levels seen in this place.
 G = Mean time per level.
                   A        B        C        D        E       F      G
               +--------+--------+--------+--------+--------+-----+--------+
         Total |   2006 |   1993 |     13 |      0 |   1583 |   2 | 1003.0 |
       Dungeon |   2006 |   1993 |     13 |      0 |   1583 |   2 | 1003.0 |
               +--------+--------+--------+--------+--------+-----+--------+

Top non-repeatable levels by time:
     D:1: 1129 daAuts
     D:2: 877 daAuts
